 Dungeon Crawl Stone Soup version 0.29-a0-338-g1ff7896281 (webtiles) character file.

Game seed: 8848183009681405228

79 dolemite99 the Chopper (level 4, 0/40 HPs)
             Began as a Hill Orc Fighter on Apr 19, 2022.
             Was an Initiate of Cheibriados.
             Slain by a gnoll
             ... wielding a +0 flail
              (8 damage)
             ... on level 2 of the Dungeon.
             The game lasted 00:02:00 (1771 turns).

dolemite99 the Chopper (Hill Orc Fighter)           Turns: 1771, Time: 00:02:00

Health: 0/40       AC:  6    Str: 21    XL:     4   Next: 37%
Magic:  4/4        EV:  9    Int:  9    God:    Cheibriados [......]
Gold:   77         SH:  4    Dex: 11    Spells: 3/3 levels left

rFire   . . .      SeeInvis .   a - +0 war axe
rCold   . . .      Faith    .   c - +0 buckler
rNeg    . . .      Spirit   .   b - +0 scale mail
rPois   .          Reflect  .   (no helmet)
rElec   .          Harm     .   (no cloak)
rCorr   .          Rampage  .   (no gloves)
Will    .....                   (no boots)
Stlth   ..........              (no amulet)
HPRegen 0.13/turn               (no ring)
MPRegen 0.09/turn               (no ring)

@: very slow
A: no striking features
a: Renounce Religion


You were on level 2 of the Dungeon.
You worshipped Cheibriados.
Cheibriados was noncommittal.
You visited 1 branch of the dungeon, and saw 2 of its levels.

You collected 77 gold pieces.

Inventory:

Hand Weapons
 a - a +0 war axe (weapon)
Missiles
 f - 66 stones (quivered)
 n - 2 boomerangs
Armour
 b - a +0 scale mail (worn)
 c - a +0 buckler (worn)
Jewellery
 m - a ring of magical power
Scrolls
 e - 2 scrolls of vulnerability {unknown}
 h - a scroll of blinking {unknown}
 i - a scroll of summoning {unknown}
 k - a scroll of torment {unknown}
 l - a scroll of fog {unknown}
Potions
 d - a potion of might
 g - 3 potions of curing {unknown}
 j - a potion of degeneration {unknown}
 o - 2 potions of mutation {unknown}


   Skills:
 - Level 3.6 Fighting
 + Level 5.9 Axes
 - Level 3.3 Armour
 - Level 3.3 Shields


You had 3 spell levels left.
You didn't know any spells.
Your spell library contained the following spells:

 Spells                   Type           Power      Damage    Failure   Level
 Magic Dart               Conj           0%         1d3       82%         1
 Sandblast                Erth           0%         2d4       82%         1
 Passwall                 Tmut/Erth      0%         N/A       91%         2
 Searing Ray              Conj           0%         2d4       91%         2
 Stone Arrow              Conj/Erth      0%         3d7       99%         3
 Fulminant Prism          Conj/Hex       0%         3d6       100%        4


Dungeon Overview and Level Annotations

Branches:
Dungeon (2/15)

Altars:
Cheibriados


Message History

You barely miss the gnoll. The gnoll hits you with a +0 halberd!
You closely miss the gnoll. The gnoll hits you with a +0 halberd.
The gnoll hits you but does no damage.
You slash the gnoll!
The gnoll is severely wounded.
The gnoll barely misses you.
You barely miss the gnoll.
The gnoll is severely wounded.
The gnoll closely misses you.
You slash the gnoll!
You kill the gnoll!
Cheibriados thoroughly appreciates the change of pace.
The gnoll hits you with a +0 club.
You barely miss the gnoll. The gnoll barely misses you.
You hit the gnoll but do no damage. You block the gnoll's attack.
You hit the gnoll.
The gnoll is moderately wounded.
The gnoll hits you with a +0 club!
You closely miss the gnoll.
The gnoll is moderately wounded.
The gnoll hits you with a +0 club.
You slash the gnoll!
You kill the gnoll!
Cheibriados appreciates the change of pace.
A gnoll comes into view. It is wielding a +0 whip.
Items here: )) ††.
A gnoll comes into view. It is wielding a +0 flail.
The gnoll shouts!
You block the gnoll's attack. The gnoll attacks as you move away!
The gnoll barely misses you.
You barely miss the gnoll. The gnoll barely misses you.
You closely miss the gnoll. x2; The gnoll hits you with a +0 flail.
The gnoll closely misses you. The gnoll barely misses you.
The gnoll hits you with a +0 whip.
You barely miss the gnoll. You closely miss the gnoll.
The gnoll hits you but does no damage. The gnoll hits you with a +0 whip.
* * * LOW HITPOINT WARNING * * *
You barely miss the gnoll. You hit the gnoll.
The gnoll hits you with a +0 flail!
You die...

#.# ####.## ......# # ####..# #.
#.# #..# #.##################.#
####..######.........>.......##.#
#.........##.#.##..###.#####.##.#
#.##...............# #.# #.##.#
#.##...#####.#.#@..# #.# #.##.#
#.##...# ###.##gg.## #.#####.##.#
..##..............# #..........#
.####..#####.###.## #..####.....
.......# # #)# #.. ######
.####.## #.# #..# ## #.# # ...
...


You could see 2 gnolls.

Vanquished Creatures
  2 gnolls (D:2)
  An adder (D:2)
  A dart slug (D:2)
  3 ball pythons
  4 bats
  4 endoplasms (D:2)
  4 giant cockroaches
  6 goblins
  6 hobgoblins
  2 jackals (D:1)
  A quokka (D:1)
  3 frilled lizards
  4 kobolds
  A rat (D:1)
42 creatures vanquished.

Notes
Turn   | Place    | Note
-------+----------+-------------------------------------------
     0 | D:1      | dolemite99 the Hill Orc Fighter began the quest for the
                  | Orb.
     0 | D:1      | Reached XP level 1. HP: 19/19 MP: 1/1
    61 | D:1      | Reached skill level 3 in Axes
   145 | D:1      | Reached XP level 2. HP: 27/27 MP: 2/2
   307 | D:1      | Reached skill level 4 in Axes
   409 | D:1      | Reached XP level 3. HP: 33/33 MP: 3/3
  1041 | D:2      | Reached skill level 5 in Axes
  1645 | D:2      | Found a snail-covered altar of Cheibriados.
  1658 | D:2      | Became a worshipper of Cheibriados the Contemplative
  1694 | D:2      | Reached XP level 4. HP: 37/40 MP: 4/4
  1771 | D:2      | Slain by a gnoll

Illustrated notes

Levels and vault maps discovered:
D:1:      moated_graveyard_arrival, layout_loops_ring
D:2:      layout_loops_ring, basic_altar

Skill      XL: |  1  2  3 |
---------------+----------+-----
Axes           | 3 4 5 |  5.9
Fighting       | |  3.6
Armour         | |  3.3
Shields        | |  3.3

Action                   |  1- 3 |  4- 6 || total
-------------------------+-------+-------++-------
Melee: War axe           |   101 |    15 ||   116
Throw: Stone             |    44 |       ||    44
Armor: Scale mail        |    62 |     2 ||    64
Dodge: Dodged            |    51 |     8 ||    59
Block: Buckler           |    17 |     3 ||    20

Table legend: (Time is in decaauts)
 A = Elapsed time spent in this place.
 B = Non-inter-level travel time spent in this place.
 C = Inter-level travel time spent in this place.
 D = Time resting spent in this place.
 E = Time spent auto-exploring this place.
 F = Levels seen in this place.
 G = Mean time per level.
                   A        B        C        D        E       F      G
               +--------+--------+--------+--------+--------+-----+--------+
         Total |   1833 |   1806 |     27 |    421 |    990 |   2 |  916.5 |
       Dungeon |   1833 |   1806 |     27 |    421 |    990 |   2 |  916.5 |
               +--------+--------+--------+--------+--------+-----+--------+

Top non-repeatable levels by time:
     D:2: 1072 daAuts
     D:1: 761 daAuts
